[Event "January 9 Early 2024"]
[Site "https://www.chess.com"]
[Date "2024.01.11"]
[Round "10"]
[White "Albuquerque Junior,Wellington S."]
[Black "Sofronie, Claudia-Ramona"]
[Result "0-1"]
[Board "118"]
[TimeControl "180+1"]
[WhiteFideId "2151480"]
[BlackFideId "1205722"]
[WhiteElo "2361"]
[BlackElo "2277"]
[WhiteTeam "BRA"]
[BlackTeam "ROU"]
[WhiteClock "0:00:01"]
[BlackClock "0:00:20"]

1. c4 c5 2. g3 Nc6 3. Bg2 e5 4. Nc3 d6 5. e4 g6 6. Nge2 Bg7 7. O-O Nge7 8. d3 O-O 9. Rb1 a5 10. a3 f5 11. exf5 Bxf5 12. Ne4 h6 13. Be3 Rb8 14. Qd2 Kh7 15. N2c3 Nd4 16. b4 Bh3 17. Bxd4 Bxg2 18. Kxg2 cxd4 19. Nd5 Nxd5 20. cxd5 axb4 21. Qxb4 Rf7 22. Qxd6 Rd7 23. Qb6 Rxd5 24. Qxd8 Rdxd8 25. Rb6 Bf8 26. Rfb1 Bxa3 27. Rxb7+ Rxb7 28. Rxb7+ Kg8 29. h4 Rf8 30. Rb5 Rf5 31. g4 Rf4 32. f3 Rf8 33. Rxe5 Rb8 34. Rd5 Bb2 35. f4 Bc3 36. Kf3 Rb2 37. Rc5 Be1 38. Rc7 Bxh4 39. f5 gxf5 40. gxf5 Rb3 41. Nc5 Rb5 42. Ke4 Bf6 43. Rc6 Kf7 44. Rc7+ Ke8 0-1

[Event "January 9 Early 2024"]
[Site "https://www.chess.com"]
[Date "2024.01.11"]
[Round "10"]
[White "Indjic, Aleksandar"]
[Black "Paravyan, David"]
[Result "0-1"]
[Board "119"]
[TimeControl "180+1"]
[WhiteFideId "911925"]
[BlackFideId "4194985"]
[WhiteElo "2890"]
[BlackElo "3017"]
[WhiteTeam "SRB"]
[BlackTeam "FID"]
[WhiteClock "0:00:23"]
[BlackClock "0:00:07"]

1. d4 d5 2. c4 dxc4 3. Nf3 Nf6 4. Qa4+ Nbd7 5. Nc3 c6 6. Qxc4 Qc7 7. g3 e5 8. Bg2 Bd6 9. e4 O-O 10. O-O b5 11. Qe2 b4 12. Na4 Qa5 13. b3 Ba6 14. Qc2 Bxf1 15. Bxf1 Rac8 16. Bb2 Rfe8 17. Bc4 exd4 18. Bxd4 Be5 19. Nxe5 Nxe5 20. Be2 c5 21. Bxe5 Rxe5 22. f3 Ree8 23. Nb2 Qc7 24. Nc4 Rcd8 25. Ne3 Qe5 26. Re1 g6 27. Kf2 Rd4 28. Nc4 Qc7 29. e5 Nd5 30. f4 Nc3 31. Bf3 a5 32. h4 Qd7 33. h5 Qf5 34. Qxf5 gxf5 35. Nd6 Rd8 36. Nxf5 Rd2+ 37. Kg1 R8d3 38. Bg4 Kf8 39. e6 fxe6 40. Rxe6 Rxa2 41. h6 a4 42. Ng7 Rxg3+ 43. Kf1 Rxg4 0-1

[Event "January 9 Early 2024"]
[Site "https://www.chess.com"]
[Date "2024.01.11"]
[Round "10"]
[White "Avramidou, Anastasia"]
[Black "Lund, Gunnar"]
[Result "0-1"]
[Board "120"]
[TimeControl "180+1"]
[WhiteFideId "4239873"]
[BlackFideId "1520814"]
[WhiteElo "2520"]
[BlackElo "2664"]
[WhiteTeam "GRE"]
[BlackTeam "NOR"]
[WhiteClock "0:00:01"]
[BlackClock "0:01:10"]

1. d4 d5 2. c4 e6 3. Nc3 Nf6 4. cxd5 exd5 5. Bg5 Be7 6. e3 c6 7. Bd3 Nbd7 8. Qc2 h6 9. Bh4 Nh5 10. Bxe7 Qxe7 11. Nge2 Nb6 12. h3 Bd7 13. O-O-O O-O-O 14. Kb1 g6 15. Rhe1 Kb8 16. Nc1 Qg5 17. g4 Ng7 18. a4 h5 19. a5 Nc4 20. f4 Qe7 21. e4 Qb4 22. Bxc4 Qxc4 23. exd5 cxd5 24. b3 Qb4 25. Nxd5 Qxa5 26. Nf6 hxg4 27. hxg4 Ne6 28. Re5 Qc7 29. Qxc7+ Nxc7 30. d5 Nb5 31. Rd2 Nd6 32. Kb2 Ne8 33. g5 Nd6 34. Nd3 Bf5 35. Nc5 b6 36. Na6+ Kb7 37. Nb4 Rc8 38. Re7+ Rc7 39. Rde2 Rc8 40. Nc6 Bd3 41. R2e3 Bb5 42. Nd4 Bf1 43. Rxc7+ Rxc7 44. Ne8 Nxe8 45. Rxe8 Rd7 46. Re5 Bg2 47. Nb5 Bxd5 48. Nd4 Bg2 49. Nc2 Bh3 50. Kc3 Rc7+ 51. Kd2 Rd7+ 52. Kc3 a6 53. Nd4 Rc7+ 54. Kd2 Rd7 55. Ke3 Bg2 56. Re8 Bd5 57. Re5 Kc7 58. Re8 Kd6 59. Rb8 Kc5 60. Rf8 Kb4 61. Rb8 b5 62. Rb6 Kc3 63. Rxa6 Re7+ 64. Kf2 Kxd4 0-1

[Event "January 9 Early 2024"]
[Site "https://www.chess.com"]
[Date "2024.01.11"]
[Round "10"]
[White "Kleibel, Uwe"]
[Black "Dinu, Dumitru-Daniel"]
[Result "0-1"]
[Board "121"]
[TimeControl "180+1"]
[WhiteFideId "1270982"]
[BlackFideId "1208403"]
[WhiteElo "2379"]
[BlackElo "2497"]
[WhiteTeam "GER"]
[BlackTeam "ROU"]
[WhiteClock "0:00:37"]
[BlackClock "0:00:10"]

1. e4 c5 2. Nf3 d6 3. d4 Nf6 4. dxc5 Nxe4 5. cxd6 Nc6 6. Bd3 Nxd6 7. O-O g6 8. Re1 Bg7 9. Nc3 O-O 10. Bg5 h6 11. Bh4 Nf5 12. Bxf5 Bxf5 13. Qxd8 Rfxd8 14. Bxe7 Rd7 15. Bh4 Nb4 16. Rad1 Rxd1 17. Rxd1 g5 18. Bg3 Nxc2 19. Nd5 Re8 20. h3 Kh7 21. Rc1 Rd8 22. Nc3 Nb4 23. a3 Nd3 24. Rd1 Bf6 25. Rd2 Rc8 26. Nd5 Bxb2 27. Ne7 Rc1+ 28. Kh2 Be4 29. Ne5 Bxe5 30. Bxe5 Nxe5 31. Re2 Rc7 32. Rxe4 Rxe7 33. Kh1 Nc6 34. Rc4 Kg6 35. g3 Kf6 36. Kg2 Ke6 37. Rc5 Kd6 38. Rb5 b6 39. a4 Re5 40. Rb1 Nd4 41. Rd1 Kc5 42. f4 gxf4 43. gxf4 Rd5 44. Rc1+ Kb4 45. Rc7 a5 46. Rxf7 Kxa4 47. Rf6 b5 48. Rxh6 b4 49. Rb6 b3 50. h4 Nb5 0-1

[Event "January 9 Early 2024"]
[Site "https://www.chess.com"]
[Date "2024.01.11"]
[Round "10"]
[White "Kohler, Aran"]
[Black "Kjartansson, David"]
[Result "1-0"]
[Board "122"]
[TimeControl "180+1"]
[WhiteFideId "1002856"]
[BlackFideId "2301130"]
[WhiteElo "2279"]
[BlackElo "2416"]
[WhiteTeam "NED"]
[BlackTeam "ISL"]
[WhiteClock "0:00:35"]
[BlackClock "0:00:02"]

1. d4 d5 2. Nf3 Nf6 3. Bg5 c5 4. e3 Nc6 5. c3 Bf5 6. Nbd2 e6 7. Bb5 Qb6 8. Qa4 Nd7 9. O-O h6 10. Bh4 a6 11. Bxc6 bxc6 12. b3 Bd3 13. Rfe1 Bb5 14. Qa3 cxd4 15. Qb2 dxe3 16. fxe3 Bd6 17. c4 O-O 18. cxb5 axb5 19. Bf2 c5 20. Qc2 e5 21. e4 d4 22. a4 b4 23. Nc4 Qc7 24. Red1 Be7 25. Ne1 f6 26. Nd3 Rfc8 27. a5 Nf8 28. Nb6 Rab8 29. Nxc8 Rxc8 30. a6 Ra8 31. Nxb4 Qb6 32. Nd5 Qd6 33. Nxe7+ Qxe7 34. Qc4+ Kh8 35. Rdc1 Ne6 36. Qd5 Ra7 37. b4 cxb4 38. Rc8+ Kh7 39. Qb5 b3 40. Qxb3 Nf4 41. Qb8 Kg6 42. h3 Qd7 43. Rh8 Qe7 44. Qe8+ Qxe8 45. Rxe8 d3 46. Rb8 Ne2+ 47. Kf1 Nd4 48. Bxd4 1-0

[Event "January 9 Early 2024"]
[Site "https://www.chess.com"]
[Date "2024.01.11"]
[Round "10"]
[White "Klukin, Kirill"]
[Black "Martinez Ramirez, Lennis"]
[Result "1-0"]
[Board "123"]
[TimeControl "180+1"]
[WhiteFideId "24199273"]
[BlackFideId "3509079"]
[WhiteElo "2832"]
[BlackElo "2708"]
[WhiteTeam "RUS"]
[BlackTeam "CUB"]
[WhiteClock "0:00:08"]
[BlackClock "0:00:03"]

1. d4 Nf6 2. Nf3 d5 3. e3 c5 4. Bd3 g6 5. b3 Bg7 6. Bb2 O-O 7. O-O cxd4 8. exd4 Nc6 9. Nbd2 Nb4 10. Be2 Bf5 11. c3 Nd3 12. Ba3 Nf4 13. Re1 Re8 14. Bb5 Bd7 15. Bxd7 Qxd7 16. Ne5 Qf5 17. Qf3 Rac8 18. Rac1 Bh6 19. Nf1 Ne4 20. Ne3 Qh5 21. N3g4 f6 22. Nxh6+ Qxh6 23. Ng4 Qg5 24. h4 Qxh4 25. Qxf4 Kg7 26. Qf3 h5 27. Ne3 e6 28. c4 Nd2 29. Qg3 Qxd4 30. Rcd1 dxc4 31. bxc4 Rxc4 32. Nxc4 Qxc4 33. Rxd2 e5 34. Red1 Kh6 35. Qe3+ g5 36. Qd3 Qc6 37. Qf3 Qe6 38. Rd6 1-0

[Event "January 9 Early 2024"]
[Site "https://www.chess.com"]
[Date "2024.01.11"]
[Round "10"]
[White "Glashausser, Sho"]
[Black "Filippova, Margarita"]
[Result "0-1"]
[Board "124"]
[TimeControl "180+1"]
[WhiteFideId "30908329"]
[BlackFideId "34199680"]
[WhiteElo "2175"]
[BlackElo "2345"]
[WhiteTeam "USA"]
[BlackTeam "RUS"]
[WhiteClock "0:00:01"]
[BlackClock "0:00:11"]

1. Nf3 e6 2. d4 d5 3. e3 Nf6 4. Bd3 Bd6 5. O-O O-O 6. b3 b6 7. Bb2 Bb7 8. Ne5 Nbd7 9. Nd2 c5 10. f4 Ne4 11. Bxe4 dxe4 12. Ndc4 Bxe5 13. dxe5 Ba6 14. Rf2 Bxc4 15. bxc4 Nb8 16. Rd2 Qc7 17. Qg4 g6 18. Rad1 Nc6 19. Rd7 Qc8 20. Qg5 Rd8 21. Rxd8+ Nxd8 22. Qf6 Nc6 23. g4 Qe8 24. f5 Rd8 25. Rd6 Rc8 26. fxe6 Nb4 27. exf7+ Qxf7 28. e6 Qxf6 29. Bxf6 Re8 30. e7 Kf7 31. Bg5 Nxc2 32. Rf6+ Kg7 33. Rf2 Na3 34. h4 Nxc4 35. h5 gxh5 36. gxh5 h6 37. Bh4 Nxe3 38. Rd2 Nf5 39. Rd8 Kf7 0-1

[Event "January 9 Early 2024"]
[Site "https://www.chess.com"]
[Date "2024.01.11"]
[Round "10"]
[White "Feliz Dotel, Dewar Bienvenido"]
[Black "Rodriguez Avila, Alvaro"]
[Result "0-1"]
[Board "125"]
[TimeControl "180+1"]
[WhiteFideId "6402801"]
[BlackFideId "24570249"]
[WhiteElo "2153"]
[BlackElo "2320"]
[WhiteTeam "DOM"]
[BlackTeam "ESP"]
[WhiteClock "0:00:02"]
[BlackClock "0:00:01"]

1. Nf3 Nf6 2. c4 Nc6 3. d4 e6 4. g3 Bb4+ 5. Bd2 Bxd2+ 6. Nbxd2 O-O 7. Bg2 d6 8. O-O e5 9. e3 Qe7 10. Qc2 Bg4 11. dxe5 dxe5 12. h3 Bh5 13. Ne4 Nxe4 14. Qxe4 Bg6 15. Qd5 Rad8 16. Qb5 Be4 17. Nh4 Bxg2 18. Kxg2 Qe6 19. Rfd1 g6 20. Nf3 Qf6 21. Qxb7 Rb8 22. Qxc7 e4 23. Nd4 Rxb2 24. Rf1 Nxd4 25. exd4 Qf3+ 26. Kg1 g5 27. Rae1 Re2 28. Rxe2 Qxe2 29. Qe5 h6 0-1

[Event "January 9 Early 2024"]
[Site "https://www.chess.com"]
[Date "2024.01.11"]
[Round "10"]
[White "Molina, Roberto Junio Brito"]
[Black "Erzhanov, Arman"]
[Result "1-0"]
[Board "126"]
[TimeControl "180+1"]
[WhiteFideId "2109450"]
[BlackFideId "4138821"]
[WhiteElo "2810"]
[BlackElo "2556"]
[WhiteTeam "BRA"]
[BlackTeam "KAZ"]
[WhiteClock "0:00:21"]
[BlackClock "0:00:48"]

1. d4 d6 2. e4 Nf6 3. Nc3 c6 4. f4 d5 5. e5 Ng8 6. Be3 h5 7. Qd2 g6 8. O-O-O Nh6 9. Nf3 Bg4 10. Be2 e6 11. Ng5 Bxe2 12. Nxe2 Be7 13. Nf3 Nf5 14. Bf2 Nd7 15. g3 c5 16. dxc5 Bxc5 17. Bxc5 Nxc5 18. Ned4 Ne4 19. Qb4 Nxd4 20. Rxd4 Qb6 21. Qxb6 axb6 22. a3 Kd7 23. Re1 Kc6 24. c4 Nc5 25. cxd5+ exd5 26. Kb1 Ra4 27. Rxa4 Nxa4 28. Ng5 Rf8 29. e6 fxe6 30. Rxe6+ Kc5 31. Rxg6 Re8 32. Re6 Rc8 33. Nf3 Rd8 34. Kc2 b5 35. b3 Nb6 36. b4+ Kc4 37. Nd2+ Kd4 38. Nb3+ Kc4 39. Rxb6 d4 40. Nd2+ Kd5 41. Rxb5+ Ke6 42. Kd3 Ra8 43. Ra5 Rc8 44. Kxd4 Rc2 45. Kd3 Ra2 46. Rxh5 Rxa3+ 47. Kd4 Ra2 48. Ne4 Rb2 49. Kc4 Rc2+ 50. Kb5 Rb2 51. Re5+ Kd7 52. Nc5+ Kc8 53. h4 Rg2 54. Rg5 Rb2 55. h5 b6 56. Na4 Re2 57. Nxb6+ Kb7 58. Nc4 Re6 59. Kc5 Rc6+ 60. Kd4 Rc8 61. Nd6+ Kc6 62. Nxc8 1-0

[Event "January 9 Early 2024"]
[Site "https://www.chess.com"]
[Date "2024.01.11"]
[Round "10"]
[White "Tilahun , Abel Mathewos"]
[Black "Teillet, Benoit"]
[Result "0-1"]
[Board "127"]
[TimeControl "180+1"]
[WhiteFideId "15702391"]
[BlackFideId "616591"]
[WhiteElo "2037"]
[BlackElo "2239"]
[WhiteTeam "ETH"]
[BlackTeam "FRA"]
[WhiteClock "0:00:02"]
[BlackClock "0:00:25"]

1. d4 d6 2. c4 Nf6 3. Nc3 g6 4. e4 Bg7 5. f3 O-O 6. Be3 e5 7. Nge2 Nbd7 8. Qd2 c6 9. O-O-O Qa5 10. Kb1 b5 11. Nd5 Qd8 12. Nxf6+ Bxf6 13. Bh6 Re8 14. d5 c5 15. cxb5 a6 16. Nc3 axb5 17. Bxb5 Qb6 18. Bc6 Rb8 19. h4 Re7 20. h5 Bb7 21. hxg6 fxg6 22. g4 c4 23. Bxd7 Rxd7 24. Rh2 Ba6 25. Bg5 Bh8 26. Be3 Qb4 27. Rc1 Rdb7 28. Bg5 Qa5 29. Rch1 Rxb2+ 30. Qxb2 Rxb2+ 31. Rxb2 Qxc3 32. Rb8+ Kg7 33. Bh6+ Kf7 34. Rf8+ Ke7 35. Rxh8 Qd3+ 36. Kc1 c3 37. Rxh7+ Kd8 38. Bg5+ Kc8 39. Rh8+ Kb7 40. R1h7+ Kb6 41. Rb8+ Ka5 42. Rb3 Bc4 43. Ra3+ Kb4 0-1

[Event "January 9 Early 2024"]
[Site "https://www.chess.com"]
[Date "2024.01.11"]
[Round "10"]
[White "Kurmangaliyeva, Liya"]
[Black "Jakubowski, Krzysztof"]
[Result "0-1"]
[Board "128"]
[TimeControl "180+1"]
[WhiteFideId "13725831"]
[BlackFideId "1112848"]
[WhiteElo "2543"]
[BlackElo "2677"]
[WhiteTeam "KAZ"]
[BlackTeam "POL"]
[WhiteClock "0:00:08"]
[BlackClock "0:00:22"]

1. d4 Nf6 2. Nf3 b6 3. g3 Bb7 4. Bg2 c5 5. O-O cxd4 6. Qxd4 d6 7. c4 Nbd7 8. Nc3 g6 9. b3 Bg7 10. Bb2 O-O 11. Qd2 a6 12. Rfd1 Rc8 13. Nd5 b5 14. Nxf6+ Nxf6 15. Rac1 Be4 16. cxb5 axb5 17. Qb4 Rb8 18. Ba1 d5 19. Be5 Rb7 20. a4 Qd7 21. a5 Ra8 22. Rc5 Qe6 23. Rdc1 Bxf3 24. Bxf6 exf6 25. Bxf3 Rd8 26. Rc6 Qe5 27. a6 Ra7 28. Qc5 Qe7 29. Qxb5 Bf8 30. Qb6 Rda8 31. Rc7 Qa3 32. Rxa7 Qxc1+ 33. Kg2 Rxa7 34. Qxa7 Bc5 35. Qb8+ Kg7 36. a7 Qe1 37. a8=Q Qxf2+ 38. Kh3 Qf1+ 39. Bg2 Qf5+ 40. g4 Qe6 41. Qxd5 Qe3+ 42. Qf3 Qh6+ 43. Kg3 Qd2 44. Qc8 Bd6+ 45. Kf2 Bxh2 46. Qcc3 Qd6 47. g5 Qb6+ 48. Kf1 Qg1# 0-1

[Event "January 9 Early 2024"]
[Site "https://www.chess.com"]
[Date "2024.01.11"]
[Round "10"]
[White "Fernandez Hernandez, Gerardo"]
[Black "Tqebuchava, Zurab"]
[Result "0-1"]
[Board "129"]
[TimeControl "180+1"]
[WhiteFideId "2207400"]
[BlackFideId "13601113"]
[WhiteElo "2296"]
[BlackElo "2155"]
[WhiteTeam "ESP"]
[BlackTeam "GEO"]
[WhiteClock "0:00:06"]
[BlackClock "0:00:15"]

1. e4 e5 2. Nf3 Nc6 3. d4 exd4 4. Bc4 Be7 5. Nxd4 d6 6. Nc3 Nf6 7. O-O O-O 8. h3 h6 9. Bf4 Ne5 10. Be2 Ng6 11. Be3 Re8 12. Qd3 Bf8 13. Kh2 Ne5 14. Qd2 Ng6 15. f3 Bd7 16. Rae1 a6 17. a4 c6 18. Bd3 Qc7 19. Qf2 d5+ 20. Kg1 c5 21. exd5 Rxe3 22. Rxe3 cxd4 23. Re2 dxc3 24. Kh1 cxb2 25. Rb1 Qc3 26. Be4 Nxe4 27. fxe4 Bxa4 28. Re3 Qd4 29. Qe2 Bxc2 30. Qxc2 Qxe3 31. Rxb2 Qg3 32. Qf2 Qxf2 33. Rxf2 a5 34. Rb2 a4 35. Rxb7 a3 36. Rb1 a2 37. Ra1 Bd6 38. h4 Be5 39. h5 Bxa1 40. Kh2 Be5+ 41. Kh3 a1=Q 42. hxg6 fxg6 43. Kg4 Qd1+ 44. Kh3 Ra3+ 45. Kh4 Qe1+ 46. Kg4 Qg3# 0-1

[Event "January 9 Early 2024"]
[Site "https://www.chess.com"]
[Date "2024.01.11"]
[Round "10"]
[White "Potkin, Vladimir"]
[Black "Horak, Martin"]
[Result "1-0"]
[Board "130"]
[TimeControl "180+1"]
[WhiteFideId "4131061"]
[BlackFideId "367095"]
[WhiteElo "2664"]
[BlackElo "2519"]
[WhiteTeam "RUS"]
[BlackTeam "CZE"]
[WhiteClock "0:00:11"]
[BlackClock "0:00:01"]

1. Nf3 d5 2. e3 Nf6 3. c4 e6 4. b3 Be7 5. Bb2 O-O 6. Nc3 b6 7. cxd5 exd5 8. g3 Bb7 9. Bg2 Ba6 10. d3 Nbd7 11. O-O Nc5 12. Ne1 c6 13. Rc1 Rc8 14. b4 Ne6 15. Qa4 Bb7 16. Qxa7 Qc7 17. Qa4 d4 18. Nd5 Nxd5 19. Bxd5 dxe3 20. fxe3 Qd6 21. Bxe6 Qxe6 22. Ng2 Ra8 23. Qb3 Rxa2 24. Qxe6 fxe6 25. Rxf8+ Bxf8 26. Bd4 c5 27. bxc5 Rxg2+ 28. Kf1 Bxc5 29. Bxc5 bxc5 30. Rxc5 Bf3 31. Rc8+ Kf7 32. Rc4 e5 33. Rc7+ Kf6 34. Rc8 e4 35. dxe4 Bxe4 36. Re8 Bd5 37. Rd8 Rd2 38. Ke1 Rd3 39. Ke2 Bc4 40. Rxd3 Ke5 41. Kd2 1-0

[Event "January 9 Early 2024"]
[Site "https://www.chess.com"]
[Date "2024.01.11"]
[Round "10"]
[White "Salman, Ilhan Serhat"]
[Black "Rozman, Levy"]
[Result "0-1"]
[Board "131"]
[TimeControl "180+1"]
[WhiteFideId "6361579"]
[BlackFideId "2039877"]
[WhiteElo "2510"]
[BlackElo "2653"]
[WhiteTeam "TUR"]
[BlackTeam "USA"]
[WhiteClock "0:00:01"]
[BlackClock "0:00:08"]

1. d4 g6 2. Bg5 Bg7 3. Nf3 d6 4. e3 h6 5. Bh4 g5 6. Bg3 Nc6 7. c4 e5 8. Nc3 Bg4 9. d5 Nce7 10. Be2 Bd7 11. h4 Nf5 12. hxg5 Nxg3 13. fxg3 hxg5 14. Rxh8 Bxh8 15. Qc2 f5 16. O-O-O Qf6 17. Rf1 Ne7 18. Nd2 Qh6 19. Qd1 g4 20. Rh1 Qf6 21. e4 O-O-O 22. Qf1 f4 23. gxf4 exf4 24. Qf2 b6 25. Qh4 Qg7 26. Qh7 Qe5 27. Qh5 Qg7 28. Qh7 Qd4 29. Qh5 f3 30. gxf3 g3 31. Bf1 Be5 32. Bh3 Kb8 33. Bxd7 g2 34. Rd1 g1=Q 35. Rxg1 Qxg1+ 36. Kc2 Bf4 37. Ba4 Qf2 38. Nb1 Nc8 39. Qf7 Be5 40. a3 a6 41. Bc6 Na7 42. Bd7 Rh8 43. Be6 Kb7 0-1

[Event "January 9 Early 2024"]
[Site "https://www.chess.com"]
[Date "2024.01.11"]
[Round "10"]
[White "Topalov, Aleksandar"]
[Black "Filgueira, Hernan"]
[Result "1-0"]
[Board "132"]
[TimeControl "180+1"]
[WhiteFideId "925659"]
[BlackFideId "101770"]
[WhiteElo "2442"]
[BlackElo "2547"]
[WhiteTeam "SRB"]
[BlackTeam "ARG"]
[WhiteClock "0:00:10"]
[BlackClock "0:00:03"]

1. b3 d5 2. Bb2 c5 3. e3 a6 4. f4 Nc6 5. Nf3 Bg4 6. Be2 e6 7. O-O Nf6 8. Ne5 Bxe2 9. Qxe2 Qc7 10. Nxc6 Qxc6 11. d3 Be7 12. Nd2 Rg8 13. Nf3 Nd7 14. e4 dxe4 15. dxe4 O-O-O 16. Rad1 Bf6 17. e5 Be7 18. c4 h6 19. Rd3 g5 20. fxg5 hxg5 21. Nd2 Rgf8 22. Rdf3 Nb8 23. Rxf7 Rxf7 24. Rxf7 Qe8 25. Rf1 Nc6 26. Ne4 Qg6 27. Nf6 Kb8 28. Rd1 Rxd1+ 29. Qxd1 Ka7 30. h3 Qf5 31. Ng4 Qe4 32. Kh2 a5 33. Qd2 a4 34. Bc3 axb3 35. axb3 Qb1 36. Qb2 Qe4 37. Qd2 Nd4 38. b4 Ne2 39. b5 Nf4 40. b6+ Kxb6 41. Ba5+ Kc6 42. Qa2 1-0

[Event "January 9 Early 2024"]
[Site "https://www.chess.com"]
[Date "2024.01.11"]
[Round "10"]
[White "Modric, Nesa"]
[Black "Mirza, Diana"]
[Result "0-1"]
[Board "133"]
[TimeControl "180+1"]
[WhiteFideId "922579"]
[BlackFideId "2503999"]
[WhiteElo "2156"]
[BlackElo "2015"]
[WhiteTeam "SRB"]
[BlackTeam "IRL"]
[WhiteClock "0:00:01"]
[BlackClock "0:00:04"]

1. d4 Nf6 2. Bg5 c5 3. d5 b5 4. Bxf6 gxf6 5. e4 d6 6. Bxb5+ Bd7 7. Bxd7+ Qxd7 8. c4 Na6 9. Nc3 Rb8 10. Rb1 Bg7 11. Qa4 Qxa4 12. Nxa4 Nb4 13. Kd2 Nxa2 14. Ne2 Nb4 15. f4 Bh6 16. g3 e5 17. dxe6 fxe6 18. Rhd1 d5 19. cxd5 exd5 20. Nxc5 dxe4 21. Nxe4 Kf7 22. Ke3 Nc2+ 23. Kf3 Rb3+ 24. N2c3 Rhb8 25. Rd7+ Kg6 26. g4 f5 27. Rd6+ Kg7 28. gxf5 Rxb2 29. Rxb2 Rxb2 30. Rd7+ Kf8 31. Rxh7 Nd4+ 32. Kg4 Rxh2 33. Rxa7 Rg2+ 34. Kh3 Rc2 35. Nd5 Nxf5 36. Ng5 Bxg5 37. fxg5 Rd2 38. Nf6 Ne7 39. Kg4 Rd4+ 40. Kg3 Rd6 0-1

[Event "January 9 Early 2024"]
[Site "https://www.chess.com"]
[Date "2024.01.11"]
[Round "10"]
[White "Szpar, Milosz"]
[Black "Aravindh, Chithambaram VR."]
[Result "0-1"]
[Board "134"]
[TimeControl "180+1"]
[WhiteFideId "1184989"]
[BlackFideId "5072786"]
[WhiteElo "2839"]
[BlackElo "2935"]
[WhiteTeam "POL"]
[BlackTeam "IND"]
[WhiteClock "0:00:15"]
[BlackClock "0:00:06"]

1. e4 e5 2. Nf3 Nc6 3. Nc3 Nf6 4. Bb5 Bb4 5. O-O O-O 6. d3 Bxc3 7. bxc3 d6 8. Re1 Ne7 9. d4 Ng6 10. h3 c6 11. Bd3 Qc7 12. a4 h6 13. c4 c5 14. d5 Bd7 15. Ra3 Nh7 16. a5 Qd8 17. Bd2 Rc8 18. Rb3 Rc7 19. Nh2 Ng5 20. Be3 Bc8 21. Kh1 Re7 22. Qd2 Rc7 23. Nf1 Nh4 24. Ng3 g6 25. f4 exf4 26. Bxf4 Re8 27. Bf1 Qf6 28. Bd3 Nxh3 29. Bxh6 g5 30. gxh3 Qxh6 31. Bf1 Ng6 32. Nf5 Bxf5 33. exf5 Rxe1 34. Qxe1 Ne5 35. Qe4 f6 36. Rg3 Rh7 37. Kg2 Kf8 38. Qe1 Ke8 39. Qb1 Kd8 40. a6 b6 41. Be2 g4 42. Bxg4 Nxg4 43. Rxg4 Qxh3+ 0-1

[Event "January 9 Early 2024"]
[Site "https://www.chess.com"]
[Date "2024.01.11"]
[Round "10"]
[White "Vestby-Ellingsen, Mads"]
[Black "Bindrich, Falko"]
[Result "0-1"]
[Board "135"]
[TimeControl "180+1"]
[WhiteFideId "1520857"]
[BlackFideId "4676670"]
[WhiteElo "2647"]
[BlackElo "2829"]
[WhiteTeam "NOR"]
[BlackTeam "GER"]
[WhiteClock "0:00:01"]
[BlackClock "0:00:20"]

1. e4 e5 2. Nf3 Nc6 3. Bc4 Bc5 4. b4 Bxb4 5. c3 Be7 6. d4 Na5 7. Be2 d6 8. O-O c6 9. dxe5 dxe5 10. Qxd8+ Bxd8 11. Nxe5 Nf6 12. f3 O-O 13. Nc4 Be6 14. Nba3 b5 15. Ne5 Bb6+ 16. Kh1 Rfd8 17. Bf4 Nh5 18. Bc1 Nf6 19. Nc2 Nd7 20. Nxd7 Rxd7 21. f4 Rad8 22. Bf3 Bc4 23. Re1 Bf2 24. Be3 Bxe1 25. Rxe1 Bxa2 26. Nb4 Bb3 27. Ra1 Ba4 28. e5 c5 29. Bxc5 Nb3 30. Bd4 Nxd4 31. cxd4 Rxd4 32. Nc6 R4d7 33. Nxd8 Rxd8 34. Kg1 Rd4 35. Rc1 g6 36. Rc8+ Kg7 37. Rc7 Bb3 38. Rxa7 Rxf4 39. Rb7 b4 40. Kf2 Be6 41. Ke3 Rc4 42. Be2 Rc3+ 43. Kd4 Rc2 44. Bf3 b3 45. Kd3 Rc5 46. Kd4 Rc2 47. Kd3 Bf5+ 48. Ke3 b2 0-1

[Event "January 9 Early 2024"]
[Site "https://www.chess.com"]
[Date "2024.01.11"]
[Round "10"]
[White "Onufrienko, Vladislav"]
[Black "Dmitrenko, Viktor"]
[Result "0-1"]
[Board "136"]
[TimeControl "180+1"]
[WhiteFideId "13804332"]
[BlackFideId "14110270"]
[WhiteElo "2599"]
[BlackElo "2475"]
[WhiteTeam "KGZ"]
[BlackTeam "UKR"]
[WhiteClock "0:00:01"]
[BlackClock "0:00:06"]

1. e4 e6 2. d4 d5 3. Nc3 Bb4 4. e5 Ne7 5. Qg4 c5 6. a3 Ba5 7. b4 cxd4 8. Nb5 Bc7 9. Nf3 Nbc6 10. Bf4 Ng6 11. Bd3 Nxf4 12. Qxf4 a6 13. Nxc7+ Qxc7 14. O-O f6 15. Rfe1 O-O 16. Qh4 h6 17. exf6 Rxf6 18. Nxd4 Rf4 19. Qh5 Nxd4 20. Qg6 Qf7 21. Qh7+ Kf8 22. c3 Nb5 23. a4 Nd6 24. g3 Rf6 25. Rad1 Bd7 26. c4 Bxa4 27. Ra1 dxc4 28. Rxa4 cxd3 29. Qxd3 e5 30. Ra5 e4 31. Qd1 Re8 32. Rd5 Nc4 33. Qd4 e3 34. fxe3 b5 35. Rd7 Qe6 36. e4 Qe5 37. Qd1 Kg8 38. Rd5 Qe6 39. Rd4 Ref8 40. e5 Rf2 41. Rde4 Qh3 42. Rf4 Qg2# 0-1

[Event "January 9 Early 2024"]
[Site "https://www.chess.com"]
[Date "2024.01.11"]
[Round "10"]
[White "Guevara Sanchez, Erick Marvin"]
[Black "Averchenko, Sergej"]
[Result "0-1"]
[Board "137"]
[TimeControl "180+1"]
[WhiteFideId "6700136"]
[BlackFideId "4131533"]
[WhiteElo "2195"]
[BlackElo "2009"]
[WhiteTeam "ESA"]
[BlackTeam "RUS"]
[WhiteClock "0:00:01"]
[BlackClock "0:00:18"]

1. e4 c5 2. d4 cxd4 3. c3 d5 4. exd5 Qxd5 5. cxd4 Nf6 6. Nf3 Bg4 7. Nc3 Qd8 8. Be2 e6 9. O-O Nc6 10. Bg5 Be7 11. h3 Bh5 12. Rc1 O-O 13. Be3 Nb4 14. g4 Bg6 15. Ne5 Nbd5 16. Bg5 Rc8 17. f3 Nxc3 18. bxc3 Nd5 19. Bd2 Bd6 20. f4 Qh4 21. Kh2 f6 22. Nf3 Qh6 23. g5 fxg5 24. Ne5 Bf5 25. Bg4 gxf4 26. c4 Ne3 27. Bxe3 fxe3 28. Qe2 Bxe5+ 29. dxe5 Bxg4 30. Qxg4 Rf2+ 31. Rxf2 exf2 32. Rd1 Rf8 33. Kg2 f1=Q+ 34. Rxf1 Rxf1 35. Kxf1 Qc1+ 36. Kf2 Qd2+ 37. Kf1 Qc1+ 38. Kf2 Qb2+ 39. Kf1 Qxe5 40. Kg1 h5 41. Qd1 h4 42. Qd8+ Kf7 43. Qxh4 Qc5+ 0-1

[Event "January 9 Early 2024"]
[Site "https://www.chess.com"]
[Date "2024.01.11"]
[Round "10"]
[White "Bartel, Mateusz"]
[Black "Ranaldi, Lucas"]
[Result "1-0"]
[Board "138"]
[TimeControl "180+1"]
[WhiteFideId "1112635"]
[BlackFideId "1519484"]
[WhiteElo "2836"]
[BlackElo "2714"]
[WhiteTeam "POL"]
[BlackTeam "NOR"]
[WhiteClock "0:00:11"]
[BlackClock "0:00:02"]

1. Nf3 Nf6 2. c4 b6 3. d3 Bb7 4. e4 d6 5. Nc3 e6 6. g3 c5 7. Bg2 Be7 8. O-O O-O 9. a3 a6 10. Re1 Nbd7 11. b4 Qc7 12. Bf4 Ne5 13. Rb1 Nfd7 14. h4 Bf6 15. Na2 Nxf3+ 16. Qxf3 Ne5 17. Qd1 Rfd8 18. Qd2 Rab8 19. Nc3 Nc6 20. b5 Nd4 21. bxa6 Bxa6 22. a4 Be5 23. Be3 Bf6 24. f4 Bb7 25. Kh2 Bc6 26. Qf2 Ra8 27. g4 g6 28. g5 Bg7 29. h5 Bxa4 30. h6 Bh8 31. Nxa4 Rxa4 32. Rb2 Nc6 33. Reb1 Bxb2 34. Qxb2 e5 35. Qf2 Rb4 36. Rf1 Qe7 37. f5 Nd4 38. Qa2 Rb8 39. Bh3 Qe8 40. Qf2 Ra4 41. fxg6 fxg6 42. Qf6 Ra7 43. Bxd4 cxd4 44. Be6+ Qxe6 45. Qxe6+ Kh8 46. Qxd6 Ra2+ 47. Kg3 1-0